 Dungeon Crawl Stone Soup version 0.28.0-43-g3370ac3207 (webtiles) character file.

Game seed: 4558952082596296412

25 adizb the Bolt Thrower (level 2, 0/25 HPs)
             Began as a Minotaur Hunter on Mar 7, 2022.
             Succumbed to an adder's poison
             ... on level 2 of the Dungeon.
             The game lasted 00:03:31 (708 turns).

adizb the Bolt Thrower (Minotaur Hunter)             Turns: 708, Time: 00:03:32

Health: 0/25       AC:  3    Str: 16    XL:     2   Next: 82%
Magic:  1/1        EV: 12    Int:  8    God:
Gold:   25         SH:  0    Dex: 10    Spells: 1/1 levels left

rFire   . . .      SeeInvis .   g - +1 hand axe (vamp)
rCold   . . .      Faith    .   (no shield)
rNeg    . . .      Spirit   .   c - +0 leather armour
rPois   .          Reflect  .   (helmet restricted)
rElec   .          Harm     .   (no cloak)
rCorr   .          Rampage  .   (no gloves)
Will    .....                   (no boots)
Stlth   +.........              (no amulet)
HPRegen 0.08/turn               (no ring)
MPRegen 0.07/turn               (no ring)

@: lethally poisoned (0 -> -5)
A: horns 2, retaliatory headbutt
a: no special abilities


You were on level 2 of the Dungeon.
You visited 1 branch of the dungeon, and saw 2 of its levels.

You collected 25 gold pieces.

Inventory:

Hand Weapons
 a - a +1 hand crossbow
 b - a +0 short sword
 g - a +1 vampiric hand axe (weapon)
Missiles
 d - 18 bolts
 h - 4 atropa-tipped darts (quivered)
Armour
 c - a +0 leather armour (worn)
 f - a +0 pair of boots
Potions
 e - a potion of might {unknown}


   Skills:
 + Level 2.8 Fighting
 * Level 4.8 Crossbows
 + Level 1.1 Armour
 + Level 2.5 Dodging
 - Level 0.7 Stealth


You had one spell level left.
You didn't know any spells.
Your spell library was empty.

Dungeon Overview and Level Annotations

Branches:
Dungeon (2/15)

Altars:


Innate Abilities, Weirdness & Mutations

You have a pair of horns on your head.
You reflexively headbutt those who attack you in melee.


Message History

The adder is lightly wounded.
The adder bites you but does no damage.
You closely miss the adder. Your headbutt misses the adder.
The adder is lightly wounded.
The adder closely misses you. The adder bites you.
You completely miss the adder. Your headbutt misses the adder.
The adder is lightly wounded.
The adder bites you.
You are poisoned.
The adder poisons you! The adder misses you.
You barely miss the adder.
The adder is lightly wounded.
You feel sick. The adder bites you but does no damage.
You hit the adder.
The adder is heavily wounded.
You feel sick. The adder barely misses you. The adder bites you.
You hit the adder.
The adder is almost dead.
You feel sick. The adder misses you. The adder bites you.
You are more poisoned.
The adder poisons you!
You closely miss the adder.
The adder is almost dead.
You feel sick. The adder barely misses you.
You closely miss the adder.
You headbutt the adder, but do no damage.
The adder is almost dead.
You feel sick. The adder bites you.
* * * LOW HITPOINT WARNING * * *
You are lethally poisoned!
The adder poisons you! The adder bites you.
* * * LOW HITPOINT WARNING * * *
You closely miss the adder.
The adder is almost dead.
* * * LOW HITPOINT WARNING * * *
You feel sick. The adder bites you but does no damage.
The adder closely misses you.
You hit the adder but do no damage.
The adder is severely wounded.
You die...

#..#..# #.#
....#..##########.#
.....##.............#
##.###
#..############ #.
#..# # # #..# ...
#..# #..####..#
#...S@...# ##########


You could see an adder.

Vanquished Creatures
  A dart slug (D:1)
  A ball python (D:1)
  4 bats (D:1)
  2 endoplasms (D:1)
  2 goblins (D:1)
  5 hobgoblins (D:1)
  A quokka (D:1)
  2 frilled lizards (D:1)
  A kobold (D:1)
  2 rats
21 creatures vanquished.

Vanquished Creatures (others)
  4 plants (D:1)
4 creatures vanquished.

Grand Total: 25 creatures vanquished

Notes
Turn   | Place    | Note
-------+----------+-------------------------------------------
     0 | D:1      | adizb the Minotaur Hunter began the quest for the Orb.
     0 | D:1      | Reached XP level 1. HP: 18/18 MP: 0/0
   266 | D:1      | Reached XP level 2. HP: 19/25 MP: 1/1
   292 | D:1      | Found a faded altar of an unknown god.
   392 | D:1      | Reached skill level 1 in Armour
   707 | D:2      | HP: 1/25 [poisoned by an adder]
   708 | D:2      | Succumbed to an adder's poison

Illustrated notes

Levels and vault maps discovered:
D:1:      zaba_arrival_water, layout_basic,
          shapermc_ecumenical_altar_mp_ritualfount, hangedman_decor_growths
D:2:      layout_loops_ring, basic_altar

Skill      XL: |  1  2 |
---------------+-------+-----
Armour         | 1 |  1.1
Fighting       | |  2.8
Crossbows      | |  4.8
Dodging        | |  2.5
Stealth        | |  0.7

Action                   || total
-------------------------++-------
Melee: Hand axe          ||    39
       Headbutt          ||     3
       Punch             ||     1
 Fire: Hand crossbow     ||    25
Armor: Leather armour    ||    11
Dodge: Dodged            ||    27
